 Dungeon Crawl Stone Soup version 0.27.1 (webtiles) character file.

Game seed: 3744092000396583105

10560 bnorton916 the Jinx (level 11, -6/54 HPs)
             Began as a Deep Elf Conjurer on Aug 30, 2021.
             Was an Initiate of Gozag.
             Hit by a large rock thrown by a cyclops (29 damage)
             ... on level 11 of the Dungeon.
             The game lasted 00:23:38 (13490 turns).

bnorton916 the Jinx (Deep Elf Conjurer)            Turns: 13490, Time: 00:23:39

Health: -6/54      AC:  6    Str:  6    XL:     11   Next: 37%
Magic:  8/24       EV: 15    Int: 31    God:    Gozag
Gold:   604        SH:  0    Dex: 16    Spells: 11/25 levels left

rFire    . . .     SeeInvis .   C - staff of conjuration
rCold    + + .     Faith    .   (no shield)
rNeg     + . .     Spirit   .   A - +2 robe {rC+}
rPois    +         Reflect  .   h - +0 helmet
rElec    .         Harm     .   (no cloak)
rCorr    .         Rampage  .   o - +0 pair of gloves {Dex+3}
Will     +....                  (no boots)
Stlth    ++........             d - amulet of regeneration
HPRegen  1.18/turn              B - ring of flight
MPRegen  0.19/turn              E - ring of Vejuet {rPois rC+ rN+ Int+6}

@: flying
A: no striking features
a: Renounce Religion, Potion Petition, Call Merchant, Bribe Branch


You were on level 11 of the Dungeon.
You worshipped Gozag.
Gozag was pleased with you.
You visited 2 branches of the dungeon, and saw 12 of its levels.

You collected 1528 gold pieces.
You spent 893 gold pieces at shops.
You paid 31 gold pieces to Gozag.

Inventory:

Hand Weapons
 n - a +2 dagger of venom
 q - a +2 dagger of electrocution
 F - the +7 pair of quick blades "Gyre" and "Gimble" {protect}
   (You found it on level 8 of the Dungeon)

   It grants its wielder temporary protection when it strikes (+7 to AC).
Missiles
 b - 4 throwing nets
Armour
 h - a +0 helmet (worn)
 o - a +0 pair of gloves of dexterity (worn)
 r - a +0 buckler
 A - a +2 robe of cold resistance (worn)
Magical Staves
 C - a staff of conjuration (weapon)
Jewellery
 d - an amulet of regeneration (around neck)
 B - a ring of flight (left hand)
 E - the ring of Vejuet (right hand) {rPois rC+ rN+ Int+6}
   (You bought it in a shop on level 1 of the Dungeon)

   [ring of intelligence]

   Int:       It affects your intelligence (+6).
   rC:        It protects you from cold.
   rPois:     It protects you from poison.
   rN:        It protects you from negative energy.
Wands
 a - a wand of charming (12)
 c - a wand of acid (16)
 u - a wand of digging (5)
 v - a wand of flame (7)
 x - a wand of polymorph (6)
Scrolls
 f - a scroll of teleportation
 g - a scroll of brand weapon
 l - a scroll of amnesia
 m - a scroll of fog
 w - 4 scrolls of blinking
 y - a scroll of fear
 D - a scroll of enchant weapon
 H - a scroll of enchant armour
 J - a scroll of identify
Potions
 e - 4 potions of heal wounds
 i - a potion of cancellation
 j - 3 potions of might
 k - a potion of mutation
 p - 2 potions of curing
 s - 2 potions of flight
 t - a potion of attraction
 z - a potion of resistance
 G - a potion of lignification
 K - a potion of brilliance {unknown}
Miscellaneous
 I - a condenser vane


   Skills:
 + Level 4.2 Armour
 + Level 6.7 Dodging
 - Level 2.4 Stealth
 + Level 4.1 Shields
 - Level 7.6 Spellcasting
 - Level 7.3 Conjurations
 - Level 11.2 Hexes
 - Level 9.5 Translocations
 - Level 6.2 Ice Magic


You had 11 spell levels left.
You knew the following spells:

 Your Spells              Type           Power      Damage    Failure   Level
a - Magic Dart            Conj           100%       1d8       1%          1
b - Searing Ray           Conj           100%       3d7       1%          2
c - Fulminant Prism       Conj/Hex       40%        3d20      1%          4
d - Iskenderun's Mystic   Conj/Tloc      77%        2d15      1%          4
e - Ozocubu's Armour      Ice            50%        N/A       1%          3

Your spell library contained the following spells:

 Spells                   Type           Power      Damage    Failure   Level
 Dazzling Flash           Conj/Hex       100%       N/A       1%          3
 Animate Dead             Necr           5%         N/A       38%         4
 Borgnjor's Vile Clutch   Necr/Erth      5%         N/A       75%         5
 Ozocubu's Refrigeration  Ice            25%        4d10      95%         7
 Death Channel            Necr           5%         N/A       100%        6


Dungeon Overview and Level Annotations

Branches:
Dungeon (11/15)            Temple (1/1) D:5            Lair (0/6) D:10
    Orc (0/2) D:10

Altars:
Cheibriados
Fedhas
Gozag
Hepliaklqana
Okawaru
Qazlal
Sif Muna
Trog
Wu Jian
Xom
Yredelemnul
The Shining One

Shops:
D:1 =   D:3 :   D:4 *   D:8 =


Message History

The searing ray misses the centaur.
The centaur wields a +0 shortbow.
The centaur shoots an arrow.
The arrow hits you.
The centaur shoots an arrow.
The arrow closely misses you.
The centaur shoots an arrow.
The arrow barely misses you.
The searing ray hits the centaur!
You kill the centaur!
You finish channeling your searing ray.
The centaur is distracted by your dazzling golden aura.
Unknown command.
As you read the scroll of teleportation, it crumbles to dust.
You feel strangely unstable.
As you read the scroll of teleportation, it crumbles to dust.
You feel strangely stable.
The centaur shoots an arrow.
The arrow hits you!
The centaur shoots an arrow.
The arrow barely misses you.
The centaur shoots an arrow.
The arrow closely misses you.
The centaur shoots an arrow.
The arrow hits you.
The centaur shoots an arrow.
The arrow hits you!
The centaur shoots an arrow.
The arrow hits you!
As you read the scroll of teleportation, it crumbles to dust.
You feel strangely unstable.
The centaur shoots an arrow.
The arrow hits you!
* * * LOW HITPOINT WARNING * * *
Your surroundings suddenly seem different.
A boulder beetle comes into view.
Found a bronze ring mail.
The boulder beetle curls into a ball and begins rolling!
As you read the scroll of teleportation, it crumbles to dust.
You feel strangely unstable.
A cyclops comes into view.
Blink to where?
Press: ? - help, Dir - move target
As you read the scroll of blinking, it crumbles to dust.
The sentinel's mark upon you fades away.
Your surroundings suddenly seem different.
Found a stone staircase leading down.
The cyclops throws a large rock.
The large rock hits you!!
Ouch! That really hurt!
You die...
Your body crumbles into a pile of gold.

.. ......
#.#######......
#..............
#..............
#..............
#........>.....
...............
.......@.......
#..C..##'########
#.....#....
#.....#...
#.....#..
#.....#..
#.....'..
####.....#..
......°..#


You could see a cyclops.

Vanquished Creatures
  Harold (D:7)
  4 two-headed ogres
  Pikel (D:5)
  An ugly thing (D:11)
  A gargoyle (D:10)
  A vampire (D:10)
  A spriggan (D:8)
  A wyvern (D:8)
  12 yaks
  2 steam dragons
  Menkaure (D:4)
  2 vampire mosquitoes (D:11)
  Edmund (D:5)
  An acid dragon (D:9)
  A water moccasin (D:6)
  A hornet zombie (D:6)
  An ice beast (D:6)
  2 black bears (D:5)
  2 orc warriors (D:10)
  2 necrophages (D:4)
  An ogre (D:6)
  8 centaurs
  3 kobold brigands
  Blork the orc (D:5)
  3 bullfrogs
  A wyvern zombie (D:8)
  3 scorpions
  A wyvern skeleton (D:5)
  2 centaur zombies
  2 hounds
  2 orc priests
  A jelly (D:5)
  5 iguanas
  A centaur skeleton (D:7)
  Ijyb (D:5)
  Natasha (thrice) (D:2)
  Terence (D:2)
  8 orc wizards
  Robin (D:2)
  7 gnolls
  A howler monkey zombie (D:8)
  4 adders
  4 white imps
  An adder skeleton (D:4)
  3 dart slugs
  25 orcs
  8 ball pythons
  8 bats
  4 endoplasms
  4 giant cockroaches
  16 goblins
  8 hobgoblins
  4 jackals (D:2)
  2 quokkas (D:3)
  A frilled lizard (D:2)
  13 kobolds
  3 rats
  A spectral orc (D:10)
204 creatures vanquished.

Vanquished Creatures (others)
  34 fulminant prisms
  A plant (D:5)
35 creatures vanquished.

Grand Total: 239 creatures vanquished

Notes
Turn   | Place    | Note
-------+----------+-------------------------------------------
     0 | D:1      | bnorton916 the Deep Elf Conjurer began the quest for the
                  | Orb.
     0 | D:1      | Reached XP level 1. HP: 10/10 MP: 6/6
   182 | D:1      | Reached XP level 2. HP: 15/15 MP: 5/8
   474 | D:1      | Found Ygheonem's Jewellery Boutique.
   701 | D:2      | Reached skill level 5 in Conjurations
   701 | D:2      | Reached XP level 3. HP: 19/19 MP: 7/10
   889 | D:2      | Noticed Natasha
   903 | D:2      | Killed Natasha
   954 | D:2      | Learned a level 2 spell: Searing Ray
  1000 | D:2      | Noticed Robin
  1019 | D:2      | Killed Robin
  1020 | D:2      | Reached XP level 4. HP: 24/24 MP: 6/12
  1269 | D:2      | Noticed Terence
  1277 | D:2      | Killed Terence
  1278 | D:2      | Reached skill level 5 in Spellcasting
  1512 | D:2      | Reached XP level 5. HP: 28/28 MP: 11/14
  1569 | D:2      | Learned a level 4 spell: Fulminant Prism
  1574 | D:2      | Learned a level 4 spell: Iskenderun's Mystic Blast
  1595 | D:2      | Noticed Natasha
  1600 | D:2      | Killed Natasha
  1612 | D:2      | Noticed Natasha
  1617 | D:2      | Killed Natasha
  1618 | D:2      | Reached skill level 1 in Hexes
  2076 | D:3      | Reached skill level 1 in Translocations
  2207 | D:3      | Found Demampest's Book Shop.
  3010 | D:4      | Found a stormy altar of Qazlal.
  3011 | D:4      | Noticed a fire elemental
  3014 | D:4      | Noticed a water elemental
  3014 | D:4      | Noticed an air elemental
  3081 | D:4      | Found an opulent altar of Gozag.
  3081 | D:4      | Found a bloodstained altar of Trog.
  3085 | D:4      | Became a worshipper of Gozag Ym Sagoz the Greedy
  3104 | D:4      | Noticed a necrophage
  3111 | D:4      | Killed a necrophage
  3112 | D:4      | Reached skill level 2 in Hexes
  3112 | D:4      | Reached XP level 6. HP: 29/32 MP: 7/17
  3386 | D:4      | Found Ebuqorche's General Store.
  3391 | D:4      | Bought 3 scrolls of identify for 84 gold pieces
  3669 | D:4      | Found a shimmering altar of Xom.
  3674 | D:4      | Found a snail-covered altar of Cheibriados.
  3677 | D:4      | Found an iron altar of Okawaru.
  3679 | D:4      | Found a hazy altar of Hepliaklqana.
  3681 | D:4      | Found a blossoming altar of Fedhas.
  3719 | D:4      | Noticed Menkaure
  3733 | D:4      | Killed Menkaure
  3734 | D:4      | Reached skill level 3 in Hexes
  3788 | D:4      | Reached XP level 7. HP: 36/36 MP: 13/18
  4275 | D:5      | Entered Level 5 of the Dungeon
  4275 | D:5      | Noticed a yak
  4275 | D:5      | Noticed a yak
  4278 | D:5      | Noticed a yak
  4288 | D:4      | Killed a yak
  4497 | D:4      | Reached skill level 4 in Hexes
  4535 | D:4      | Killed a yak
  4703 | D:4      | Killed a yak
  4704 | D:4      | Reached skill level 5 in Hexes
  4704 | D:4      | Reached XP level 8. HP: 22/41 MP: 10/21
  4859 | D:5      | Noticed Edmund
  4867 | D:5      | Killed Edmund
  4922 | D:5      | Noticed Ijyb
  4927 | D:5      | Killed Ijyb
  4985 | D:5      | Noticed Blork the orc
  4989 | D:5      | Killed Blork the orc
  5102 | D:5      | Reached skill level 6 in Hexes
  5106 | D:5      | Reached skill level 5 in Translocations
  5206 | D:5      | Noticed Pikel
  5213 | D:5      | Killed Pikel
  5214 | D:5      | Reached skill level 7 in Hexes
  5418 | D:5      | Reached skill level 8 in Hexes
  5418 | D:5      | Reached XP level 9. HP: 40/45 MP: 16/22
  5429 | D:5      | Found a staircase to the Ecumenical Temple.
  5439 | Temple   | Entered the Ecumenical Temple
  5650 | D:5      | Learned a level 3 spell: Ozocubu's Armour
  5703 | D:5      | Found a glowing golden altar of the Shining One.
  6002 | D:6      | Reached skill level 1 in Ice Magic
  6775 | D:6      | Reached skill level 9 in Hexes
  7656 | D:7      | Noticed Harold
  8066 | D:7      | Killed Harold
  8067 | D:7      | Reached skill level 10 in Hexes
  8557 | D:7      | Found a shimmering blue altar of Sif Muna.
  8897 | D:8      | Found Zecoq Sahemm's Jewellery Emporium.
  8993 | D:8      | Found an ornate altar of the Wu Jian Council.
  9141 | D:8      | Reached XP level 10. HP: 38/50 MP: 10/23
  9374 | D:8      | Noticed a two-headed ogre
  9374 | D:8      | Noticed a two-headed ogre
  9413 | D:8      | Killed a two-headed ogre
  9414 | D:8      | Reached skill level 5 in Ice Magic
  9417 | D:8      | Killed a two-headed ogre
  9418 | D:8      | Reached skill level 11 in Hexes
  9933 | D:1      | Bought the ring of Vejuet {rPois rC+ rN+ Int+6} for 809
                  | gold pieces
 10238 | D:8      | Found the +7 pair of quick blades "Gyre" and "Gimble"
                  | {protect}
 10609 | D:9      | Reached skill level 1 in Armour
 10609 | D:9      | Reached skill level 1 in Shields
 11203 | D:9      | Noticed a two-headed ogre
 11209 | D:9      | Killed a two-headed ogre
 11210 | D:9      | Reached skill level 5 in Dodging
 11358 | D:10     | Entered Level 10 of the Dungeon
 11548 | D:10     | Reached XP level 11. HP: 54/54 MP: 16/24
 12276 | D:10     | Found a staircase to the Orcish Mines.
 12314 | D:10     | Found a staircase to the Lair.
 12692 | D:10     | Found a basalt altar of Yredelemnul.
 12996 | D:11     | Noticed a two-headed ogre
 13002 | D:11     | Killed a two-headed ogre
 13007 | D:11     | Noticed a cyan ugly thing
 13181 | D:11     | Killed a cyan ugly thing
 13485 | D:11     | Noticed a boulder beetle
 13490 | D:11     | Hit by a large rock thrown by a cyclops

Illustrated notes

Levels and vault maps discovered:
D:1:      dpeg_arrival_rooms_a, layout_rooms, serial_shops,
          nicolae_diamond_shop, minivault_23
D:2:      layout_loops_ring, minmay_randomly_rotated_circles, uniq_terence,
          uniq_natasha, uniq_robin
D:3:      layout_basic, serial_shops, shop
D:4:      layout_loops_ring, nicolae_qazlal_style_of_elements, minitemple,
          mainiacjoe_overflow_divided_tiny, serial_shops, kennysheep_little_box,
          minmay_misc_feat_x, uniq_menkaure
D:5:      layout_basic, tso_oasis_becter, minmay_temple_entry_statues_pillars,
          uniq_edmund, uniq_pikel, uniq_blork_the_orc, uniq_ijyb
D:6:      layout_basic, hangedman_decor_riveting
D:7:      layout_cave_pools, tgw_sif, uniq_harold
D:8:      layout_loops_ring, amcnicky_altar_gilded, serial_shops, shop,
          hellmonk_guarded_unrand_gyre_and_gimble
D:9:      layout_stronghold, hangedman_abyss_or_decor_stabs,
          minmay_misc_feat_ornament
D:10:     layout_long_grid, yredelemnul_forgotten_temple_becter,
          lair_entry_dummy, david_orc_2
D:11:     layout_irregular_city, minmay_the_grid_2x2
          [minmay_the_grid_minigrid_large, minmay_the_grid_dragon_b,
          minmay_the_grid_paths, minmay_the_grid_prize_big_room]
Temple:   cyrus_temple_forest

Skill      XL: |  1  2  3  4  5  6  7  8  9 10 11 |
---------------+----------------------------------+-----
Spellcasting   | 4 5 6 7 |  7.6
Conjurations   | 5 6 7 |  7.3
Hexes          | 2 3 5 8 10 11 | 11.2
Translocations | 1 2 4 6 8 9 |  9.5
Ice Magic      | 4 6 |  6.2
Armour         | 2 4 |  4.2
Dodging        | 5 6 |  6.7
Shields        | 2 4 |  4.1
Stealth        | |  2.4

Action                   |  1- 3 |  4- 6 |  7- 9 | 10-12 || total
-------------------------+-------+-------+-------+-------++-------
Melee: Dagger            |       |       |       |    13 ||    13
 Cast: Magic Dart        |    58 |    93 |    82 |    34 ||   267
       Searing Ray       |     1 |     9 |    41 |    25 ||    76
       Iskenderun's Myst |       |       |    11 |    13 ||    24
       Fulminant Prism   |       |       |     8 |    26 ||    34
       Ozocubu's Armour  |       |       |       |     3 ||     3
Evoke: Wand              |       |       |     1 |       ||     1
  Use: Scroll            |       |     7 |    12 |     7 ||    26
       Potion            |       |       |     7 |       ||     7
Armor: Robe              |     3 |       |     8 |     4 ||    15
Dodge: Dodged            |     3 |     6 |    59 |    39 ||   107
